 Dungeon Crawl Stone Soup version 0.22-a0-772-gac08f70 (webtiles) character file.

63 sking99 the Cudgeler (level 3, -5/28 HPs)
             Began as a Demonspawn Gladiator on July 17, 2018.
             Was an Initiate of Okawaru.
             Slain by Crazy Yiuf
             ... wielding a +4 quarterstaff of chaos
              (8 damage)
             ... on level 2 of the Dungeon.
             The game lasted 00:02:13 (1757 turns).

sking99 the Cudgeler (Demonspawn Gladiator)         Turns: 1757, Time: 00:02:14

Health: -5/28      AC:  7    Str: 15    XL:     3   Next: 87%
Magic:  3/3        EV: 12    Int:  9    God:    Okawaru [......]
Gold:   97         SH:  0    Dex: 14    Spells: 2/2 levels left

rFire    . . .     SeeInvis .   a - +0 flail
rCold    . . .     Gourm    .   (no shield)
rNeg     . . .     Faith    .   b - +0 leather armour
rPois    .         Spirit   .   c - +0 helmet
rElec    .         Reflect  .   (no cloak)
rCorr    .         Harm     .   (no gloves)
MR       .....                  (no boots)
Stlth    +.........             (no amulet)
HPRegen  0.09/turn              (no ring)
MPRegen  0.08/turn              (no ring)

@: confused
A: molten scales 2
a: Renounce Religion


You were on level 2 of the Dungeon.
You worshipped Okawaru.
Okawaru was noncommittal.
You were not hungry.

You visited 1 branch of the dungeon, and saw 2 of its levels.

You collected 97 gold pieces.

Inventory:

Hand Weapons
 a - a +0 flail (weapon)
Missiles
 d - a throwing net (quivered)
Armour
 b - a +0 leather armour (worn)
 c - a +0 helmet (worn)
Jewellery
 o - a cursed ring of loudness {unknown}
Scrolls
 e - 2 scrolls of remove curse {unknown}
 h - a scroll of magic mapping {unknown}
 i - a scroll of teleportation {unknown}
 l - a scroll of random uselessness {unknown}
 m - a scroll of fog {unknown}
 p - a scroll of immolation {unknown}
 q - a scroll of identify {unknown}
Potions
 g - a potion of invisibility {unknown}
 j - a potion of lignification {unknown}
 k - 4 potions of curing {unknown}
Comestibles
 f - 4 rations
 n - 13 chunks of flesh


   Skills:
 + Level 2.9 Fighting
 * Level 3.9 Maces & Flails
 - Level 1.7 Throwing
 - Level 2.6 Dodging


You had 2 spell levels left.
You didn't know any spells.
Your spell library was empty.

Dungeon Overview and Level Annotations

Branches:
Dungeon (2/15)

Altars:
Okawaru

Annotations:
D:2 Crazy Yiuf


Innate Abilities, Weirdness & Mutations

You are mostly covered in molten scales. (AC +3)


Message History

You closely miss Crazy Yiuf.
Crazy Yiuf is severely wounded.
Crazy Yiuf hits you but does no damage.
You suddenly lose the ability to move!
Crazy Yiuf hits you with a quarterstaff of chaos!
You are confused.
Crazy Yiuf hits you with a quarterstaff of chaos!
Crazy Yiuf freezes you.
* * * LOW HITPOINT WARNING * * *
Crazy Yiuf hits you with a quarterstaff of chaos.
* * * LOW HITPOINT WARNING * * *
Crazy Yiuf burns you.
* * * LOW HITPOINT WARNING * * *
You can move again.
Unknown command.
Throwing (i - inventory)
d - 2 throwing nets (quivered)
Press: ? - help, Shift-Dir - straight line, f/p - Crazy Yiuf
Aim: Crazy Yiuf, wielding a quarterstaff of chaos and wearing a runed cloak (severely wounded)
You throw a throwing net.
Crazy Yiuf hits you with a quarterstaff of chaos!
You die...

##.>######## #....#
.⌠#.# #### ♣.♣..♣
..### #..# ♣...♣♣ #.#
####.## ♣♣.♣♣
#.####....# ♣.♣♣
.⌠..#..#### ♣♣.♣
#.#)..## ♣.♣♣
#.#..####### ♣♣.♣
..#........# #@#
.⌠#........# #.g.#
##.........# #...#
#..........# #..)#
...........# #####
...........#
#..........##########
#...................##
.#...................#


You could see Crazy Yiuf.

Vanquished Creatures
  2 adders (D:2)
  3 dart slugs
  6 ball pythons (D:2)
  2 giant cockroaches
  8 hobgoblins
  2 jackals (D:2)
  A bat (D:1)
  3 frilled lizards (D:1)
  2 goblins (D:2)
  4 kobolds
  5 rats
38 creatures vanquished.

Notes
Turn   | Place    | Note
-------+----------+-------------------------------------------
     0 | D:1      | sking99 the Demonspawn Gladiator began the quest for the Orb.
     0 | D:1      | Reached XP level 1. HP: 16/16 MP: 1/1
   355 | D:1      | Reached skill level 3 in Maces & Flails
   427 | D:1      | Gained mutation: You are partially covered in molten scales. (AC +2) [demonic ancestry]
   427 | D:1      | Reached XP level 2. HP: 21/22 MP: 2/2
  1048 | D:2      | Gained mutation: You are mostly covered in molten scales. (AC +3) [demonic ancestry]
  1048 | D:2      | Reached XP level 3. HP: 21/28 MP: 3/3
  1287 | D:2      | Found an iron altar of Okawaru.
  1395 | D:2      | Found a runed door.
  1706 | D:2      | Became a worshipper of Warmaster Okawaru
  1745 | D:2      | Noticed Crazy Yiuf
  1753 | D:2      | Paralysed by Crazy Yiuf for 4 turns
  1757 | D:2      | Slain by Crazy Yiuf

Vault maps used:
D:1:      evilmike_arrival_rings
D:2:      okawaru_ov_weapons_minmay, first_ration, roderic_three_in_a_row,
          minmay_shallow_snake_nest, uniq_crazy_yiuf_cottage

Skill      XL: |  1 |
---------------+----+-----
Maces & Flails | 3 |  3.9
Fighting       | |  2.9
Throwing       | |  1.7
Dodging        | |  2.6

Action                   || total
-------------------------++-------
Melee: Flail             ||   108
Throw: Throwing net      ||     2
 Stab: Sleeping          ||     1
  Eat: Chunk             ||     3
Armor: Leather armour    ||    28
Dodge: Dodged            ||    57

Table legend:
 A = Spawn XP
 B = Non-spawn XP
 C = Spawn XP percentage of total XP
 D = Spawn monster count
 E = Non-spawn monster count
 F = Spawn count percentage of total count
 G = Total turns spent on level
                    A         B        C        D         E        F      G
               +---------+---------+-------+---------+---------+-------+---------
         Total |       0 |      90 |   0.0 |       0 |      38 |   0.0 |  1757
               +---------+---------+-------+---------+---------+-------+---------
           D:1 |       0 |      27 |   0.0 |       0 |      16 |   0.0 |   844
           D:2 |       0 |      63 |   0.0 |       0 |      22 |   0.0 |   913
               +---------+---------+-------+---------+---------+-------+---------
